 Dungeon Crawl Stone Soup version 0.30-a0-358-g0d69a1922f (webtiles) character file.

Game seed: 10504699100596790830

303 oldmanjim the Poker (level 6, 0/51 HPs)
             Began as a Gnoll Reaver on Nov 9, 2022.
             Slain by a kobold brigand
             ... wielding a +0 short sword
              (5 damage)
             ... in a sewer.
             The game lasted 00:20:56 (4087 turns).

oldmanjim the Poker (Gnoll Reaver)                  Turns: 4087, Time: 00:20:59

Health: 0/51       AC:  4    Str:  9 (11) XL:     6   Next: 38%
Magic:  23/23      EV: 12    Int: 17 (20) God:
Gold:   112        SH:  0    Dex:  8 (11) Spells: 8/15 levels left

rFire   . . .      SeeInvis .    a - +0 spear (flame)
rCold   . . .      Faith    .    (no shield)
rNeg    . . .      Spirit   .    x - +1 leather armour
rPois   .          Reflect  .    (no helmet)
rElec   .          Harm     .    (no cloak)
rCorr   .          Rampage  .    (no gloves)
Will    .....                    (no boots)
Stlth   +.........               (no amulet)
HPRegen 0.28/turn                i - +6 ring of intelligence
MPRegen 0.18/turn                g - ring of magical power

@: mighty, brilliant, lethally poisoned (0 -> -8), slowed, very slow
A: fangs 1, strong nose, distributed training
a: no special abilities


You were in a sewer.
You visited 1 branch of the dungeon, and saw 4 of its levels.
You also visited: Sewer.

You collected 112 gold pieces.

Inventory:

Hand Weapons
 a - a +0 spear of flaming (weapon)
 b - a +0 sling
Missiles
 e - 34 stones
 f - 3 atropa-tipped darts
 m - 13 poisoned darts
Armour
 x - a +1 leather armour (worn)
Jewellery
 g - a ring of magical power (right hand)
 i - a +6 ring of intelligence (left hand)
 l - a +6 ring of strength
 w - a ring of willpower
Wands
 s - a wand of roots (14)
Scrolls
 h - 2 scrolls of enchant armour
 j - 3 scrolls of teleportation
 k - 2 scrolls of butterflies
 o - a scroll of blinking {unknown}
Potions
 c - 2 potions of brilliance
 d - 3 potions of mutation
 n - a potion of might
 p - 2 potions of degeneration
 q - a potion of haste {unknown}
 t - a potion of curing {unknown}
 u - a potion of heal wounds {unknown}
 v - a potion of cancellation {unknown}


   Skills:
 + Level 5.0 Fighting
 + Level 2.0 Short Blades
 + Level 2.0 Long Blades
 + Level 2.0 Axes
 + Level 2.0 Maces & Flails
 + Level 6.8 Polearms
 + Level 2.0 Staves
 + Level 2.0 Ranged Weapons
 + Level 2.0 Throwing
 + Level 2.0 Armour
 + Level 5.0 Dodging
 + Level 2.0 Stealth
 + Level 2.0 Shields
 + Level 2.0 Unarmed Combat
 + Level 5.4 Spellcasting
 + Level 5.7 Conjurations
 + Level 1.6 Hexes
 + Level 1.6 Summonings
 + Level 1.6 Necromancy
 + Level 1.6 Translocations
 + Level 1.6 Transmutations
 + Level 1.6 Fire Magic
 + Level 1.6 Ice Magic
 + Level 1.6 Air Magic
 + Level 1.6 Earth Magic
 + Level 1.6 Poison Magic
 + Level 2.2 Invocations
 + Level 2.0 Evocations


You had 8 spell levels left.
You knew the following spells:

 Your Spells              Type           Power      Damage    Failure   Level
a - Kiss of Death         Conj/Necr      100%       2d13      4%          1
b - Momentum Strike       Conj/Tloc      50%        3d9       6%          2
c - Hailstorm             Conj/Ice       25%        3d7       12%         3
d - Necrotise             Necr           60%        1d7       10%         1

Your spell library contained the following spells:

 Spells                   Type           Power      Damage    Failure   Level
 Vampiric Draining        Necr           15%        2d7       28%         3
 Agony                    Necr           15%        N/A       95%         5


Dungeon Overview and Level Annotations

Branches:
Dungeon (4/15)              Sewer (1/1)
 Temple: D:4-7

Altars:

Shops:
D:2 (   D:3 (


Innate Abilities, Weirdness & Mutations

You have very sharp teeth.
Your uncanny sense of smell can sniff out nearby items.
Your experience applies equally to all skills.


Message History

The kobold brigand shouts!
A kobold brigand comes into view.
It is wielding a +0 short sword and quivering poisoned darts.
You enter the shallow water.
Moving in this stuff is going to be slow.
The kobold brigand shouts!
The kobold brigand throws a curare-tipped dart.
The curare-tipped dart hits you.
You are poisoned.
You have difficulty breathing.
You feel yourself slow down.
The kobold brigand throws a curare-tipped dart.
The curare-tipped dart hits you.
You are more poisoned.
You have difficulty breathing.
You feel as though you will be slow longer.
Casting: Necrotise (safe; 8% risk of failure)
Confirm with . or Enter, or press ? or * to list all spells.
Aiming: Necrotise (safe; 8% risk of failure)
Press: ? - help, Shift-Dir - straight line, f - kobold brigand
Aim: a kobold brigand, wielding a +0 club and quivering curare-tipped darts (chance to affect: 65%)
The kobold brigand struggles to resist.
You feel extremely sick.
You are too injured to fight recklessly!
It was a potion of brilliance.
You feel clever all of a sudden.
* * * LOW HITPOINT WARNING * * *
You feel extremely sick.
The kobold brigand closely misses you. x2
It was a potion of degeneration.
There was something very wrong with that liquid.
You feel weakened.
You feel dopey.
You feel clumsy.
* * * LOW HITPOINT WARNING * * *
You feel very sick.
It was a potion of might.
You feel very mighty all of a sudden.
* * * LOW HITPOINT WARNING * * *
You feel very sick.
The kobold brigand hits you with a +0 club.
* * * LOW HITPOINT WARNING * * *
The kobold brigand hits you with a +0 short sword.
You die...

#..~~.#####~ .~!
#.....~~)†~~ .?.
#.....#####. #.#
##~~~## ## #.# ##~##
# #.# #~# #.# #~#
##K## ##~## # ##.K@##
##..~## ##
#~..~~####....~#####.
#...~.≈≈≈≈.~~~~≈≈≈≈≈~
#..~..####.....#####~
##~.~## ##.~.## ##
##~## ##≈## # #†# #≈#
∆ # #~# #≈# ∆ ∆ #~#
#≈# ∆ #


You could see 2 kobold brigands.

Vanquished Creatures
  3 orc priests
  Natasha (thrice) (D:2)
  3 adders
  2 river rats
  4 worms (Sewer)
  A dart slug (D:2)
  8 orcs
  8 endoplasms
  4 giant cockroaches
  3 goblins
  6 hobgoblins
  7 jackals (D:1)
  4 quokkas
  5 ball pythons
  6 bats
  2 frilled lizards (D:1)
  5 kobolds
  10 rats
84 creatures vanquished.

Vanquished Creatures (collateral kills)
  An orc (D:3)
  2 endoplasms
  A kobold (Sewer)
4 creatures vanquished.

Grand Total: 88 creatures vanquished

Notes
Turn   | Place    | Note
-------+----------+-------------------------------------------
     0 | D:1      | oldmanjim the Gnoll Reaver began the quest for the Orb.
     0 | D:1      | Reached XP level 1. HP: 20/20 MP: 6/6
   204 | D:1      | Reached XP level 2. HP: 23/26 MP: 7/7
   213 | D:1      | Learned a level 2 spell: Momentum Strike
   730 | D:1      | Reached skill level 5 in Spellcasting
   730 | D:1      | Reached XP level 3. HP: 31/31 MP: 7/9
  1075 | D:1      | Reached skill level 1 in Invocations
  1255 | D:2      | Found Zohot's Antique Weapon Boutique.
  1503 | D:2      | Noticed Natasha
  1513 | D:2      | Killed Natasha
  1514 | D:2      | Reached skill level 1 in Short Blades
  1514 | D:2      | Reached skill level 1 in Long Blades
  1514 | D:2      | Reached skill level 1 in Axes
  1514 | D:2      | Reached skill level 1 in Maces & Flails
  1514 | D:2      | Reached skill level 1 in Staves
  1514 | D:2      | Reached skill level 1 in Ranged Weapons
  1514 | D:2      | Reached skill level 1 in Throwing
  1514 | D:2      | Reached skill level 1 in Armour
  1514 | D:2      | Reached skill level 1 in Stealth
  1514 | D:2      | Reached skill level 1 in Shields
  1514 | D:2      | Reached skill level 1 in Unarmed Combat
  1514 | D:2      | Reached skill level 1 in Evocations
  1514 | D:2      | Reached XP level 4. HP: 23/38 MP: 11/11
  1634 | D:2      | Learned a level 3 spell: Hailstorm
  1826 | D:2      | Noticed Natasha
  1835 | D:2      | Killed Natasha
  1836 | D:2      | Reached skill level 1 in Hexes
  1836 | D:2      | Reached skill level 1 in Summonings
  1836 | D:2      | Reached skill level 1 in Necromancy
  1836 | D:2      | Reached skill level 1 in Translocations
  1836 | D:2      | Reached skill level 1 in Transmutations
  1836 | D:2      | Reached skill level 1 in Fire Magic
  1836 | D:2      | Reached skill level 1 in Ice Magic
  1836 | D:2      | Reached skill level 1 in Air Magic
  1836 | D:2      | Reached skill level 1 in Earth Magic
  1836 | D:2      | Reached skill level 1 in Poison Magic
  2172 | D:2      | Noticed Natasha
  2177 | D:2      | Killed Natasha
  2178 | D:2      | Reached XP level 5. HP: 43/43 MP: 12/12
  2337 | D:3      | Found Rohig's Antique Weapon Shop.
  2658 | D:3      | Learned a level 1 spell: Necrotise
  3011 | D:3      | Reached XP level 6. HP: 45/49 MP: 14/14
  3685 | D:4      | Found a glowing drain.
  3699 | D:4      | Reached skill level 5 in Fighting
  3699 | D:4      | Reached skill level 5 in Dodging
  3717 | Sewer    | Entered a sewer
  4087 | Sewer    | Slain by a kobold brigand

Illustrated notes

Levels and vault maps discovered:
D:1:      minmay_arrival_checkered_box, layout_loops_corners, serial_forest,
          infiniplex_forest_straight_2, infiniplex_forest_lined_3,
          infiniplex_forest_zigzag_1, infiniplex_forest_lined_ring,
          infiniplex_forest_zigzag_1, infiniplex_forest_lined_2,
          infiniplex_forest_clump_cross, infiniplex_forest_split,
          infiniplex_forest_clump_small
D:2:      layout_loops_corners, serial_shops, shop,
          ebering_dispersal_statue_hall, uniq_natasha
D:3:      layout_basic, serial_shops, nicolae_diamond_shop
D:4:      layout_basic, portal_sewer_entry_b, uniq_crazy_yiuf_cottage
Sewer:    sewer_co_15_rooms

Skill      XL: |  1  2  3  4  5  6 |
---------------+-------------------+-----
Spellcasting   | 5 |  5.4
Invocations    | 1 2 |  2.2
Short Blades   | 1 2 |  2.0
Long Blades    | 1 2 |  2.0
Axes           | 1 2 |  2.0
Maces & Flails | 1 2 |  2.0
Staves         | 1 2 |  2.0
Ranged Weapons | 1 2 |  2.0
Throwing       | 1 2 |  2.0
Armour         | 1 2 |  2.0
Stealth        | 1 2 |  2.0
Shields        | 1 2 |  2.0
Unarmed Combat | 1 2 |  2.0
Evocations     | 1 2 |  2.0
Hexes          | 1 |  1.6
Summonings     | 1 |  1.6
Necromancy     | 1 |  1.6
Translocations | 1 |  1.6
Transmutations | 1 |  1.6
Fire Magic     | 1 |  1.6
Ice Magic      | 1 |  1.6
Air Magic      | 1 |  1.6
Earth Magic    | 1 |  1.6
Poison Magic   | 1 |  1.6
Fighting       | 5 |  5.0
Dodging        | 5 |  5.0
Polearms       | |  6.8
Conjurations   | |  5.7

Action                   |  1- 3 |  4- 6 || total
-------------------------+-------+-------++-------
Melee: Spear             |   146 |   187 ||   333
       Bite              |    10 |    20 ||    30
       Punch             |     2 |     2 ||     4
 Fire: Sling             |       |     1 ||     1
 Cast: Hailstorm         |       |     7 ||     7
       Necrotise         |       |    32 ||    32
       Kiss of Death     |       |     1 ||     1
       Momentum Strike   |       |     1 ||     1
  Use: Scroll            |     4 |     4 ||     8
       Potion            |       |     3 ||     3
 Stab: Sleeping          |     1 |     2 ||     3
Armor: Leather armour    |    24 |    29 ||    53
Dodge: Dodged            |    58 |    74 ||   132

Table legend: (Time is in decaauts)
 A = Elapsed time spent in this place.
 B = Non-inter-level travel time spent in this place.
 C = Inter-level travel time spent in this place.
 D = Time resting spent in this place.
 E = Time spent auto-exploring this place.
 F = Levels seen in this place.
 G = Mean time per level.
                   A        B        C        D        E       F      G
               +--------+--------+--------+--------+--------+-----+--------+
         Total |   4067 |   3854 |    213 |    216 |   2771 |   5 |  813.4 |
       Dungeon |   3658 |   3445 |    213 |    172 |   2673 |   4 |  914.5 |
         Sewer |    409 |    409 |      0 |     44 |     98 |   1 |  409.0 |
               +--------+--------+--------+--------+--------+-----+--------+

Top non-repeatable levels by time:
     D:1: 1292 daAuts
     D:2: 1207 daAuts
     D:3: 1082 daAuts
   Sewer: 409 daAuts
     D:4: 76 daAuts
